 Dungeon Crawl Stone Soup version 0.21-a0-496-g696f58f (webtiles) character file.

20925 theanonym the Severer (level 12, -3/113 HPs)
             Began as a Minotaur Chaos Knight on Nov 24, 2017.
             Killed from afar by an electric eel (14 damage)
             ... with a bolt of electricity
             ... on level 3 of the Lair of Beasts.
             The game lasted 00:26:17 (10386 turns).

theanonym the Severer (Minotaur Chaos Knight)      Turns: 10386, Time: 00:26:17

Health: -3/113     AC:  9    Str: 17 (21) XL:     12   Next: 49%
Magic:  11/11      EV:  7    Int: 10 (11) God:    Xom [..*...]
Gold:   735        SH: 11    Dex:  5 (11) Spells: 11/11 levels left

rFire    + . .     SeeInvis .   a - +0 war axe
rCold    . . .     Gourm    .   k - +1 shield
rNeg     . . .     Faith    .   u - +0 plate armour
rPois    .         Spirit   .   (helmet unavailable)
rElec    .         Reflect  .   (no cloak)
rCorr    .         Harm     .   (no gloves)
MR       .....                  (no boots)
Stlth    ..........             l - amulet of regeneration {+regen}
HPRegen  1.08/turn              h - +2 ring of evasion
MPRegen  0.12/turn              (no ring)

@: very slightly contaminated, invisible
A: retaliatory headbutt, horns 3, talons 1, clever 1, deformed body,
deterioration 2, fire resistance 1, regeneration 1, shaggy fur 1, MP-powered
wands
a: Renounce Religion


Innate Abilities, Weirdness & Mutations

You reflexively headbutt those who attack you in melee.
You have a pair of large horns on your head.
You have sharp toenails.
Your mind is acute. (Int +2)
Armour fits poorly on your strangely shaped body.
Your body often deteriorates upon taking damage.
Your flesh is heat resistant. (rF+)
Your natural rate of healing is unusually fast.
You are covered in fur. (AC +1)
You expend magic power (3 MP) to strengthen your wands.


   Skills:
 + Level 12.9 Fighting
 - Level 16.0 Axes
 + Level 8.0 Armour
 + Level 6.9 Dodging
 + Level 8.5 Shields


You had 11 spell levels left.
You didn't know any spells.

Skill      XL: |  1  2  3  4  5  6  7  8  9 10 11 12 |
---------------+-------------------------------------+-----
Axes           | 4 5 6 7 8 9 11 12 14 16 | 16.0
Fighting       | 5 7 9 11 12 | 12.9
Armour         | 4 6 8 |  8.0
Dodging        | 3 5 6 |  6.9
Shields        | 5 7 8 |  8.5

Action                   |  1- 3 |  4- 6 |  7- 9 | 10-12 || total
-------------------------+-------+-------+-------+-------++-------
Melee: Hand axe          |    72 |   112 |    68 |       ||   252
       Headbutt          |     3 |    24 |    33 |    62 ||   122
       War axe           |       |       |   190 |   303 ||   493
       Kick              |       |       |    49 |    80 ||   129
       Morningstar       |       |       |       |    10 ||    10
Throw: Tomahawk          |       |       |     7 |     8 ||    15
Evoke: Wand              |       |       |     4 |    15 ||    19
       Lightning rod     |       |       |       |     4 ||     4
  Use: Scroll            |     6 |     5 |     6 |     7 ||    24
       Potion            |       |     1 |     6 |     5 ||    12
 Stab: Petrifying        |       |     1 |       |     1 ||     2
       Paralysed         |       |     1 |       |       ||     1
       Confused          |       |       |     1 |     4 ||     5
       Invisible         |       |       |     2 |       ||     2
       Petrified         |       |       |       |     7 ||     7
  Eat: Chunk             |     2 |     6 |     9 |    14 ||    31
       Meat ration       |       |       |     1 |       ||     1
Armor: Leather armour    |    28 |     1 |       |       ||    29
       Chain mail        |       |     9 |       |       ||     9
       Scale mail        |       |    19 |    93 |     3 ||   115
       Plate armour      |       |       |       |    80 ||    80
Dodge: Dodged            |    39 |    36 |    70 |    62 ||   207
Block: Shield            |       |       |    73 |   117 ||   190

Inventory:

Hand Weapons
 a - a +0 war axe (weapon)
   (You took it off an orc on level 6 of the Dungeon)
 q - a +5 morningstar of freezing
   (You took it off a wight on level 9 of the Dungeon)
Missiles
 s - 3 tomahawks of returning (quivered)
Armour
 k - a +1 shield (worn)
   (You found it on level 6 of the Dungeon)
 u - a +0 plate armour (worn)
   (You took it off an orc warrior on level 9 of the Dungeon)
 w - a +0 hat of magic resistance
   (You took it off Gastronok on level 2 of the Lair of Beasts)
Jewellery
 h - a +2 ring of evasion (left hand)
   (You found it on level 9 of the Dungeon)
 l - an amulet of regeneration (around neck) {+regen}
   (You found it on level 2 of the Dungeon)
Wands
 n - a wand of polymorph (7)
   (You took it off an orc on level 6 of the Dungeon)
 o - a wand of random effects (27)
   (You found it on level 9 of the Dungeon)
 v - a wand of acid (3)
   (You found it on level 9 of the Dungeon)
 z - a wand of iceblast (4)
   (You found it on level 3 of the Lair of Beasts)
Scrolls
 b - 2 scrolls of blinking
 e - 3 scrolls of remove curse
 f - a scroll of fog {!r}
 m - 2 scrolls of enchant armour
 p - 2 scrolls of immolation
 r - 4 scrolls of identify
 t - 4 scrolls of teleportation {!r}
 y - 5 scrolls of magic mapping {!r}
Potions
 i - 4 potions of curing
 j - a potion of magic
 x - 2 potions of flight
Miscellaneous
 d - a lightning rod (2/4)
   (You found it on level 2 of the Lair of Beasts)
Comestibles
 c - 9 bread rations
 g - 3 royal jellies
 A - 10 chunks of flesh

Dungeon Overview and Level Annotations

Branches:
Dungeon (9/15)             Temple (0/1) D:6            Lair (3/6) D:9
 Shoals (0/4) Lair:3        Snake (0/4) Lair:3
    Orc: D:9-12

Altars:
Dithmenos
Elyvilon
Gozag
Hepliaklqana
Nemelex Xobeh
Trog
Vehumet
Xom
Yredelemnul
Zin
The Shining One

Shops:
D:7 %   D:8 *

Annotations:
D:9 theanonym's ghost, novice DsIE
Lair:2 exclusion: oklob plant


You were on level 3 of the Lair of Beasts.
You worshipped Xom.
You were a toy of Xom.
You were not hungry.

You visited 2 branches of the dungeon, and saw 12 of its levels.

You collected 795 gold pieces.
You spent 60 gold pieces at shops.


Message History

You now have 735 gold pieces (gained 12).
Some of the chunks of flesh in your inventory have rotted away.
An electric eel comes into view.
The electric eel shoots out a bolt of lightning at you!
The bolt of electricity hits you!
You take 8 damage, and have 104/113 hp.
The electric eel shoots out a bolt of lightning at you!
The bolt of electricity hits you!
You take 6 damage, and have 98/113 hp.
The electric eel shoots out a bolt of lightning at you!
The bolt of electricity misses you.
The electric eel shoots out a bolt of lightning at you!
The bolt of electricity hits you!
You take 9 damage, and have 90/113 hp.
The electric eel shoots out a bolt of lightning at you!
The bolt of electricity hits you!
Found a staircase to the Shoals.
You take 7 damage, and have 83/113 hp.
The electric eel shoots out a bolt of lightning at you!
The bolt of electricity hits you!
You take 7 damage, and have 76/113 hp.
You are too injured to fight recklessly!
You are too injured to fight recklessly!
You are too injured to fight recklessly!
You are too injured to fight recklessly!
You are too injured to fight recklessly!
The electric eel shoots out a bolt of lightning at you!
The bolt of electricity hits you!
Found a royal jelly.
You take 8 damage, and have 68/113 hp.
Your shield and plate armour prevent you from hitting the electric eel.
You slash the electric eel! Your kick misses the electric eel.
You hit the electric eel.
You kill the electric eel!
You hear a splash.
You start resting.
Some of the chunks of flesh in your inventory have rotted away.
Health restored: 113 You enter the shallow water.
Moving in this stuff is going to be slow.
You butcher the electric eel corpse.
A - 10 chunks of flesh (gained 2)
An electric eel comes into view.
You enter the shallow water.
Moving in this stuff is going to be slow.
The electric eel shoots out a bolt of lightning at you!
The bolt of electricity hits you!
You take 5 damage, and have 108/113 hp.
You regained 2 hp, and now have 110/113 hp.
Health restored: 113 You hit the electric eel.
The electric eel shoots out a bolt of lightning at you!
The bolt of electricity hits you!
The bolt of electricity hits the plant. x2
The bolt of electricity hits you!
You take 14 damage, and have 99/113 hp.
You hit the electric eel but do no damage.
You claw the electric eel.
The electric eel shoots out a bolt of lightning at you!
The bolt of electricity hits you!
Your body deteriorates!
You feel weakened.
The bolt of electricity hits the plant. x2; The bolt of electricity hits you!
You take 24 damage, and have 75/113 hp.
MASSIVE DAMAGE!!
You are too injured to fight recklessly!
You are too injured to fight recklessly!
You are too injured to fight recklessly!
You are too injured to fight recklessly!
You hit the electric eel. Your kick misses the electric eel.
You miss the electric eel. Your kick misses the electric eel.
The electric eel shoots out a bolt of lightning at you!
The bolt of electricity hits you!
The bolt of electricity hits the plant. x2
The bolt of electricity hits you!
* * * LOW HITPOINT WARNING * * *
Your body deteriorates!
You feel clumsy.
You take 24 damage, and have 52/113 hp.
MASSIVE DAMAGE!!
Your plate armour prevents you from hitting the electric eel.
The electric eel shoots out a bolt of lightning at you!
The bolt of electricity hits you!
* * * LOW HITPOINT WARNING * * *
The bolt of electricity hits the plant.
The plant is destroyed!
The bolt of electricity hits you!
* * * LOW HITPOINT WARNING * * *
You take 12 damage, and have 40/113 hp.
You hit the electric eel but do no damage.
The electric eel shoots out a bolt of lightning at you!
The bolt of electricity hits you!
* * * LOW HITPOINT WARNING * * *
The bolt of electricity hits you!
* * * LOW HITPOINT WARNING * * *
You completely miss the electric eel.
You take 20 damage, and have 20/113 hp.
It was a potion of invisibility.
You fade into invisibility!
You are very lightly contaminated with residual magic.
You closely miss the electric eel.
Your shield and plate armour prevent you from hitting the electric eel.
You claw the electric eel.
The electric eel shoots out a bolt of lightning at you!
The bolt of electricity hits you!
* * * LOW HITPOINT WARNING * * *
The bolt of electricity hits you!
You die...

###### ####### #######
.####.#P.####.#...##
##.##.##
....................#
#.......
................@...#
##.......
...........≈≈..≈.;..#
#.......#
..........≈#≈≈≈.###..#
#.#.....#
..........≈##≈≈.≈#. ##
##......#
...........≈#..≈≈..
#......#
............≈.>.%≈..
#.......
............#≈..≈#..#
##......
#.#....###≈##≈#.≈####
##....# ##......#..≈#
≈ ≈≈# #...##


You could see an electric eel.

Notes
Turn   | Place    | Note
-------+----------+-------------------------------------------
     0 | D:1      | theanonym the Minotaur Chaos Knight began the quest for the Orb.
     0 | D:1      | Reached XP level 1. HP: 19/19 MP: 0/0
   106 | D:1      | Reached skill level 4 in Axes
   292 | D:1      | Reached XP level 2. HP: 26/26 MP: 1/1
   343 | D:1      | XOM: silly message
   671 | D:2      | XOM: harmless Fire miscast
   709 | D:2      | XOM: butterfly on damage
   962 | D:2      | Reached skill level 5 in Axes
   962 | D:2      | Reached XP level 3. HP: 31/31 MP: 2/2
  1457 | D:2      | XOM: divination: detect creatures
  1661 | D:3      | Reached skill level 6 in Axes
  1661 | D:3      | Reached XP level 4. HP: 35/39 MP: 3/3
  1793 | D:3      | Found a radiant altar of Vehumet.
  1817 | D:3      | Noticed Natasha
  1824 | D:3      | HP: 16/39 [something (7)]
  1825 | D:3      | HP: 5/39 [something (7)]
  1826 | D:3      | Killed Natasha
  1827 | D:3      | Found a basalt altar of Yredelemnul.
  1850 | D:3      | XOM: harmless Necr miscast
  2186 | D:3      | XOM: harmless Hex miscast
  2323 | D:3      | Noticed Natasha
  2325 | D:3      | XOM: mild Erth miscast
  2326 | D:3      | Killed Natasha
  2339 | D:3      | Noticed Natasha
  2345 | D:3      | Killed Natasha
  2345 | D:3      | Reached skill level 7 in Axes
  2345 | D:3      | Reached XP level 5. HP: 43/45 MP: 4/4
  2982 | D:4      | XOM: give mutations
  2982 | D:4      | Gained mutation: You are dopey. (Int -2) [Xom's mischief]
  2982 | D:4      | Gained mutation: Your flesh is heat resistant. (rF+) [Xom's mischief]
  2982 | D:4      | Gained mutation: Your natural rate of healing is unusually fast. [Xom's mischief]
  2991 | D:4      | HP: 22/45 [poisoned by a worker ant]
  2996 | D:4      | HP: 21/45 [poisoned by a worker ant]
  3002 | D:4      | HP: 21/45 [poisoned by a worker ant]
  3152 | D:4      | Reached skill level 8 in Axes
  3171 | D:4      | Reached XP level 6. HP: 39/51 MP: 5/5
  3177 | D:4      | XOM: smoke on damage
  3205 | D:4      | Found a glowing silver altar of Zin.
  3205 | D:4      | Found a white marble altar of Elyvilon.
  3206 | D:4      | Found a glowing golden altar of the Shining One.
  3690 | D:5      | Entered Level 5 of the Dungeon
  3690 | D:5      | XOM: cleaving
  3734 | D:5      | XOM: chaos upgrade
  3738 | D:5      | Reached skill level 9 in Axes
  3744 | D:5      | XOM: 2-stop teleportation journey
  3757 | D:5      | XOM: enchant monster (bad)
  3760 | D:5      | XOM: summons 2 hostile shadow creatures
  3776 | D:5      | XOM: summons 4 friendly demons
  3777 | D:5      | Reached XP level 7. HP: 52/57 MP: 6/6
  3786 | D:5      | Reached skill level 10 in Axes
  3891 | D:5      | Reached skill level 4 in Fighting
  3986 | D:5      | Found an opulent altar of Gozag.
  4378 | D:6      | XOM: enchant monster (bad)
  4380 | D:6      | XOM: give mutations
  4380 | D:6      | Gained mutation: You have a pair of large horns on your head. [Xom's mischief]
  4380 | D:6      | Gained mutation: Your body sometimes deteriorates upon taking damage. [Xom's mischief]
  4395 | D:6      | Found a sparkling altar of Nemelex Xobeh.
  4476 | D:6      | HP: 28/60 [centaur/arrow (7)]
  4482 | D:6      | HP: 23/60 [something (2)]
  4528 | D:6      | Found a staircase to the Ecumenical Temple.
  4534 | D:6      | Reached skill level 5 in Fighting
  4534 | D:6      | Reached skill level 11 in Axes
  4534 | D:6      | Reached XP level 8. HP: 52/68 MP: 7/7
  4573 | D:6      | XOM: give mutations
  4573 | D:6      | Gained mutation: You have sharp toenails. [Xom's mischief]
  4573 | D:6      | Gained mutation: You expend magic power (3 MP) to strengthen your wands. [Xom's mischief]
  4686 | D:6      | XOM: blink monster(s)
  4689 | D:6      | HP: 33/69 [something (6)]
  4694 | D:6      | HP: 24/70 [poisoned by an orc priest]
  4699 | D:6      | HP: 22/70 [poisoned by an orc priest]
  4704 | D:6      | HP: 22/70 [poisoned by an orc priest]
  4709 | D:6      | HP: 23/70 [poisoned by an orc priest]
  4715 | D:6      | HP: 26/70 [poisoned by an orc priest]
  4721 | D:6      | HP: 30/70 [poisoned by an orc priest]
  4830 | D:6      | XOM: harmless Pois miscast
  4848 | D:6      | XOM: summons friendly shadow imp
  4923 | D:6      | XOM: give mutations
  4923 | D:6      | Gained mutation: You are frail. (-10% HP) [Xom's mischief]
  4923 | D:6      | Lost mutation: You are dopey. (Int -2) [Xom's mischief]
  5055 | D:7      | Reached skill level 6 in Fighting
  5070 | D:7      | Reached skill level 12 in Axes
  5177 | D:7      | Noticed a hippogriff
  5179 | D:7      | XOM: summons friendly iron imp
  5185 | D:7      | Killed a hippogriff
  5209 | D:7      | Reached skill level 7 in Fighting
  5210 | D:7      | XOM: mild Tloc miscast
  5224 | D:7      | Noticed Menkaure
  5233 | D:7      | HP: 44/97 [Menkaure (12)]
  5234 | D:7      | Killed Menkaure
  5234 | D:7      | Reached XP level 9. HP: 48/71 MP: 8/8
  5379 | D:7      | XOM: blink monster(s)
  5380 | D:7      | Reached skill level 13 in Axes
  5512 | D:7      | Found Fejeivih's Food Shop.
  5541 | D:7      | XOM: blink monster(s)
  5749 | D:7      | XOM: mild Chrm miscast
  5787 | D:8      | Noticed a two-headed ogre
  5787 | D:8      | XOM: summons 9 friendly demons
  5789 | D:8      | XOM: 1-stop teleportation journey
  5796 | D:8      | XOM: noise
  5798 | D:8      | Reached skill level 8 in Fighting
  5798 | D:8      | XOM: potion effect (invisibility)
  5864 | D:8      | HP: 29/72 [two-headed ogre/giant club (30)]
  5880 | D:8      | XOM: potion effect (agility)
  5928 | D:8      | Killed a two-headed ogre
  5928 | D:8      | Reached skill level 14 in Axes
  5936 | D:8      | XOM: harmless Air miscast
  6009 | D:8      | XOM: mild Chrm miscast
  6013 | D:8      | XOM: divination: detect creatures
  6488 | D:8      | Found Viytel's General Store.
  6490 | D:8      | XOM: harmless Necr miscast
  6493 | D:8      | Bought a potion of heal wounds for 60 gold pieces
  6545 | D:8      | XOM: harmless Air miscast
  6661 | D:9      | XOM: potion effect (haste)
  6663 | D:9      | Reached skill level 9 in Fighting
  6746 | D:9      | HP: 19/74 [orc warrior/scimitar of freezing (21)]
  6834 | D:9      | Found a bloodstained altar of Trog.
  6835 | D:9      | Found a basalt altar of Yredelemnul.
  6835 | D:9      | Found a bloodstained altar of Trog.
  6835 | D:9      | Found a shadowy altar of Dithmenos.
  6865 | D:9      | Reached XP level 10. HP: 81/81 MP: 9/9
  6961 | D:9      | Found a hazy altar of Hepliaklqana.
  6992 | D:9      | Lost mutation: You are frail. (-10% HP) [mutagenic meat]
  6993 | D:9      | Gained mutation: Your body often deteriorates upon taking damage. [mutagenic meat]
  6994 | D:9      | Gained mutation: Your mind is acute. (Int +2) [mutagenic meat]
  6995 | D:9      | Gained mutation: Armour fits poorly on your strangely shaped body. [mutagenic meat]
  6996 | D:9      | Gained mutation: You are covered in fur. (AC +1) [mutagenic meat]
  7013 | D:9      | XOM: harmless Conj miscast
  7093 | D:9      | Reached skill level 15 in Axes
  7099 | D:9      | Noticed a centaur warrior
  7104 | D:9      | Killed a centaur warrior
  7104 | D:9      | Reached skill level 10 in Fighting
  7107 | D:9      | HP: 44/93 [killer bee (5)]
  7112 | D:9      | HP: 34/93 [poisoned by a killer bee]
  7117 | D:9      | HP: 34/93 [poisoned by a killer bee]
  7122 | D:9      | HP: 35/93 [poisoned by a killer bee]
  7128 | D:9      | HP: 39/93 [poisoned by a killer bee]
  7134 | D:9      | HP: 43/93 [poisoned by a killer bee]
  7334 | D:9      | Found a staircase to the Lair.
  7525 | D:9      | Noticed theanonym's ghost (novice DsIE)
  7717 | Lair:1   | Entered Level 1 of the Lair of Beasts
  7721 | Lair:1   | XOM: cast spell 'Summon Ice Beast'
  7838 | Lair:1   | Noticed a spiny frog
  7838 | Lair:1   | XOM: potion effect (experience)
  7838 | Lair:1   | Reached skill level 11 in Fighting
  7838 | Lair:1   | Reached skill level 16 in Axes
  7838 | Lair:1   | Reached skill level 4 in Armour
  7838 | Lair:1   | Reached skill level 3 in Dodging
  7838 | Lair:1   | Reached skill level 5 in Shields
  7838 | Lair:1   | Reached XP level 11. HP: 103/103 MP: 10/10
  7851 | Lair:1   | Found a shimmering altar of Xom.
  7851 | Lair:1   | XOM: divination: magic mapping
  7867 | Lair:1   | XOM: noise
  7889 | Lair:1   | Reached skill level 5 in Armour
  7890 | Lair:1   | XOM: confuse monster(s)
  7892 | Lair:1   | Reached skill level 4 in Dodging
  7921 | Lair:1   | Reached skill level 6 in Shields
  8003 | Lair:1   | Identified a scroll of acquirement
  8003 | Lair:1   | XOM: 9-stop teleportation journey
  8007 | Lair:1   | XOM: god gift: 9 gold pieces {god gift}
  8013 | Lair:1   | HP: 48/104 [komodo dragon (20)]
  8083 | Lair:1   | XOM: 3-stop teleportation journey
  8123 | Lair:1   | XOM: blink monster(s)
  8124 | Lair:1   | XOM: fake destruction
  8125 | Lair:1   | XOM: enchant monster (good)
  8137 | Lair:1   | HP: 47/104 [porcupine (10)]
  8236 | Lair:1   | XOM: confuse monster(s)
  8248 | Lair:1   | HP: 42/104 [spiny frog (16)]
  8250 | Lair:1   | HP: 20/104 [spiny frog (21)]
  8251 | Lair:1   | Reached skill level 12 in Fighting
  8255 | Lair:1   | HP: 47/104 [poisoned by a spiny frog]
  8260 | Lair:1   | HP: 47/104 [poisoned by a spiny frog]
  8265 | Lair:1   | HP: 49/104 [poisoned by a spiny frog]
  8282 | Lair:1   | Reached skill level 6 in Armour
  8399 | Lair:1   | XOM: mild Conj miscast
  8427 | Lair:1   | XOM: harmless Chrm miscast
  8461 | Lair:1   | Reached skill level 5 in Dodging
  8557 | Lair:1   | Noticed a seven-headed hydra
  8566 | Lair:1   | XOM: noise
  8567 | Lair:1   | Killed a seven-headed hydra
  8781 | Lair:2   | Noticed an oklob plant
  8840 | Lair:2   | XOM: summons 1 hostile demon
  8983 | Lair:2   | Noticed Erica
  8989 | Lair:2   | XOM: scenery: create altars
  8995 | Lair:2   | Killed Erica
  8995 | Lair:2   | Reached skill level 7 in Shields
  8995 | Lair:2   | Reached XP level 12. HP: 69/112 MP: 11/11
  9039 | Lair:2   | XOM: silly message
  9093 | Lair:2   | Noticed Gastronok
  9104 | Lair:2   | XOM: divination: magic mapping
  9105 | Lair:2   | XOM: confuse monster(s)
  9114 | Lair:2   | HP: 24/112 [Gastronok/the air (41)]
  9115 | Lair:2   | Killed Gastronok
  9115 | Lair:2   | Reached skill level 7 in Armour
  9336 | Lair:2   | XOM: mild Fire miscast
  9708 | Lair:3   | Reached skill level 6 in Dodging
  9767 | Lair:3   | HP: 45/113 [komodo dragon (26)]
  9804 | Lair:3   | XOM: harmless Tloc miscast
  9854 | Lair:3   | XOM: cast spell 'Leda's Liquefaction'
  9955 | Lair:3   | Reached skill level 8 in Shields
 10022 | Lair:3   | XOM: mild Hex miscast
 10029 | Lair:3   | XOM: summons friendly shadow imp
 10088 | Lair:3   | Found a staircase to the Snake Pit.
 10098 | Lair:3   | XOM: potion effect (heal wounds)
 10151 | Lair:3   | XOM: god gift: 11 stones {god gift}
 10211 | Lair:3   | XOM: harmless Ice miscast
 10298 | Lair:3   | Reached skill level 8 in Armour
 10317 | Lair:3   | Found a staircase to the Shoals.
 10380 | Lair:3   | HP: 52/113 [electric eel/bolt of electricity (16)]
 10382 | Lair:3   | HP: 19/113 [electric eel/bolt of electricity (10)]
 10386 | Lair:3   | Killed from afar by an electric eel

Vanquished Creatures
  Gastronok (Lair:2)
  A hydra (Lair:1)
  Erica (Lair:2)
  A centaur warrior (D:9)
  A two-headed ogre (D:8)
  3 spiny frogs
  A rime drake (Lair:3)
  5 komodo dragons
  A kobold demonologist (D:9)
  4 blink frogs (Lair:3)
  4 hippogriffs
  6 yaks
  A basilisk (Lair:1)
  2 nagas (Lair:3)
  Menkaure (D:7)
  5 water moccasins
  4 porcupines
  2 orc warriors (D:9)
  5 ice beasts
  2 sky beasts
  A black bear (D:6)
  4 ogres
  10 wolves (Lair:1)
  4 centaurs
  A crocodile (Lair:1)
  7 bullfrogs
  A scorpion (Lair:3)
  7 killer bees
  A wight (D:9)
  2 electric eels
  6 crimson imps
  A bullfrog zombie (D:7)
  3 hounds
  A centaur skeleton (D:6)
  7 orc wizards
  4 orc priests
  An iguana (D:7)
  Natasha (thrice) (D:3)
  11 worker ants
  2 killer bee zombies
  4 hound skeletons
  A worker ant zombie (D:5)
  A howler monkey skeleton (D:7)
  5 adders
  A shadow imp (D:6)
  An ooze (D:2)
  2 adder skeletons
  A worm (D:2)
  2 dart slugs (D:2)
  6 leopard geckos
  24 orcs
  4 ball pythons
  4 bats
  5 giant cockroaches
  6 goblins
  4 hobgoblins
  5 jackals
  4 kobolds
  6 quokkas
  8 frilled lizards
  2 gnoll zombies (D:3)
  A quokka skeleton (D:4)
  A quokka zombie (D:5)
  5 rats
  2 plants (D:4)
233 creatures vanquished.

Vanquished Creatures (collateral kills)
  A blink frog (Lair:3)
1 creature vanquished.

Vanquished Creatures (others)
  5 dream sheep (Lair:1)
  A fire vortex (Lair:2)
  2 fungi
  3 plants
11 creatures vanquished.

Grand Total: 245 creatures vanquished
